 Dungeon Crawl Stone Soup version 0.30-a0-368-g86fb4627a9 (webtiles) character file.

Game seed: 2063307792830670755

441 sleeves the Insei (level 6, -3/43 HPs)
             Began as a Demonspawn Transmuter on Nov 19, 2022.
             Was an Initiate of Cheibriados.
             Slain by an ogre
             ... wielding a +0 giant spiked club
              (20 damage)
             ... on level 4 of the Dungeon.
             The game lasted 00:04:00 (3212 turns).

sleeves the Insei (Demonspawn Transmuter)           Turns: 3212, Time: 00:04:00

Health: -3/43      AC:  4    Str: 13    XL:     6   Next: 70%
Magic:  9/9        EV: 12    Int: 16    God:    Cheibriados [......]
Gold:   234        SH:  4    Dex: 14    Spells: 8/9 levels left

rFire   . . .      SeeInvis .      - Unarmed
rCold   . . .      Faith    .    (no shield)
rNeg    . . .      Spirit   .    a - +0 robe
rPois   .          Reflect  .    (no helmet)
rElec   .          Harm     .    (no cloak)
rCorr   .          Rampage  .    (no gloves)
Will    .....                    (no boots)
Stlth   +.........               (no amulet)
HPRegen 0.27/turn                (no ring)
MPRegen 0.11/turn                (no ring)

@: very slow
A: molten scales 1, spiny 2, condensation shield
a: Renounce Religion


You were on level 4 of the Dungeon.
You worshipped Cheibriados.
Cheibriados was noncommittal.
You visited 2 branches of the dungeon, and saw 5 of its levels.

You collected 234 gold pieces.

Inventory:

Hand Weapons
 h - a +0 dagger of venom
   (You took it off a kobold on level 1 of the Dungeon)
Missiles
 p - 2 throwing nets
Armour
 a - a +0 robe (worn)
Wands
 r - a wand of mindburst (20)
   (You found it on level 4 of the Dungeon)
Scrolls
 c - 3 scrolls of immolation {unknown}
 d - 2 scrolls of amnesia {unknown}
 e - 5 scrolls of identify {unknown}
 f - a scroll of blinking {unknown}
 g - a scroll of enchant armour {unknown}
 i - a scroll of noise {unknown}
 k - 5 scrolls of teleportation {unknown}
 m - 2 scrolls of fear {unknown}
 o - a scroll of butterflies {unknown}
Potions
 b - 3 potions of lignification
 j - a potion of curing {unknown}
 l - a potion of might {unknown}
 n - 2 potions of flight {unknown}
 q - a potion of experience {unknown}


   Skills:
 - Level 1.0 Fighting
 - Level 1.7 Dodging
 + Level 7.0 Unarmed Combat
 - Level 2.0 Spellcasting
 - Level 1.7 Transmutations


You had 8 spell levels left.
You knew the following spells:

 Your Spells              Type           Power      Damage    Failure   Level
a - Beastly Appendage     Tmut           14%        N/A       10%         1

Your spell library contained the following spells:

 Spells                   Type           Power      Damage    Failure   Level
 Wereblood                Tmut           7%         N/A       16%         2
 Freeze                   Ice            4%         1d3       21%         1
 Spider Form              Tmut/Pois      4%         N/A       41%         3
 Call Canine Familiar     Summ           1%         N/A       52%         3
 Frozen Ramparts          Ice            2%         1d1       52%         3
 Hailstorm                Conj/Ice       1%         3d3       52%         3
 Portal Projectile        Hex/Tloc       2%         N/A       52%         3
 Ice Form                 Ice/Tmut       4%         N/A       82%         4
 Leda's Liquefaction      Hex/Erth       0%         N/A       90%         4
 Summon Ice Beast         Ice/Summ       1%         N/A       90%         4


Dungeon Overview and Level Annotations

Branches:
Dungeon (4/15)             Temple (1/1) D:4

Altars:
Ashenzari
Cheibriados
Dithmenos
Fedhas
Gozag
Makhleb
Okawaru
Qazlal
Trog
Uskayaw
Yredelemnul


Innate Abilities, Weirdness & Mutations

You are partially covered in molten scales. (AC +2)
You are mostly covered in sharp spines.
A meltable shield of frost defends you. (SH +4)


Message History

You miss the adder.
The adder is moderately wounded.
The adder barely misses you.
You closely miss the adder.
The adder is moderately wounded.
The adder barely misses you.
You miss the adder.
The adder is heavily wounded.
The adder bites you but does no damage. The adder is struck by your spines.
The adder barely misses you.
You miss the adder.
The adder is almost dead.
The adder is struck by your spines.
You kill the adder!
Your Unarmed Combat skill increases to level 5!
No target in view!
e - 3 scrolls labelled WOERIX PIZXO (gained 1)
A ball python comes into view.
A ball python is nearby!
You closely miss the ball python. You punch the ball python.
You kill the ball python!
No target in view!
No target in view!
No target in view!
No target in view!
No target in view!
No target in view!
You see here a ball python corpse.
k - 3 scrolls labelled YXOETEAM VUR (gained 1)
A hobgoblin comes into view.
A hobgoblin is nearby!
A hobgoblin is nearby!
Found a stone staircase leading up.
Found 14 gold pieces.
You hit the hobgoblin.
The hobgoblin is poisoned.
The hobgoblin is moderately wounded.
The hobgoblin misses you.
You hit the hobgoblin but do no damage.
The hobgoblin looks as sick as possible!
The hobgoblin is moderately wounded.
The hobgoblin hits you.
You hit the hobgoblin.
The hobgoblin looks as sick as possible!
The hobgoblin is almost dead.
You kill the hobgoblin!
No target in view!
No target in view!
No target in view!
No target in view!
No target in view!
No target in view!
You now have 107 gold pieces (gained 14).
An adder comes into view.
An adder is nearby!
The adder hisses angrily.
The adder closely misses you.
You hit the adder.
The adder is poisoned.
Your punch misses the adder.
The adder is moderately wounded.
The adder bites you. The adder is struck by your spines.
You kill the adder!
No target in view!
No target in view!
No target in view!
No target in view!
No target in view!
No target in view!
No target in view!
A rat comes into view.
A rat is nearby!
A rat is nearby!
You barely miss the rat. The rat is struck by your spines.
You kill the rat!
No target in view!
No target in view!
No target in view!
No target in view!
No target in view!
No target in view!
No target in view!
No target in view!
No target in view!
There is a stone staircase leading up here.
Done exploring.
Done exploring.
Done exploring.
No target in view!
No target in view!
No target in view!
(D) Dungeon
Where to? (Enter - D:2, ? - help)
There is a stone staircase leading down here.
You climb downwards.
There is a stone staircase leading up here.
A sourceless malevolence fills the Dungeon... and a teleportation trap spontaneously manifests!
You are yanked towards some nearby monsters!
Your surroundings suddenly seem different.
A quokka, 2 rats, a goblin, a worm and a bat come into view.
Found a book of the Hunter, a scroll labelled WOERIX PIZXO and a robe.
Found a stone staircase leading down.
There are monsters nearby!
There are monsters nearby!
The quokka barely misses you. The quokka attacks as you move away!
The quokka barely misses you.
A giant cockroach comes into view.
The quokka is struck by your spines. The quokka barely misses you.
The quokka closely misses you.
Found a scroll labelled YXOETEAM VUR and 6 stones.
Found a bloodstained altar of Trog.
The quokka attacks as you move away! The quokka closely misses you.
A ball python comes into view.
Found 3 gold pieces and 4 stones.
The ball python hisses angrily.
The quokka twitches its whiskers.
The giant cockroach barely misses you.
Okay, then.
You aren't carrying any items that you can evoke.
Unknown command.
Really quaff the potion of lignification?
Okay, then.
Unknown command.
Okay, then.
Your +0 dagger of venom stops dripping with poison.
You are now empty-handed.
The giant cockroach bites you. The quokka is struck by your spines.
You kill the quokka!
Really quaff the potion of lignification? [Y]es or [N]o only, please.
Really quaff the potion of lignification?
You turn into a tree.
Your +0 robe melds into your body.
Your roots penetrate the ground.
The giant cockroach bites you but does no damage.
You smack the ball python!
You kill the ball python!
The giant cockroach bites you but does no damage.
You completely miss the giant cockroach.
The giant cockroach bites you but does no damage.
The goblin hits you but does no damage.
You barely miss the giant cockroach.
The giant cockroach bites you but does no damage.
The goblin hits you but does no damage.
You smack the giant cockroach!
You kill the giant cockroach!
You smack the goblin!
You kill the goblin!
You completely miss the rat. The rat bites you but does no damage.
You smack the rat!
You kill the rat!
You hit the worm.
The worm is moderately wounded.
You hit the worm.
The worm is heavily wounded.
The worm bites you but does no damage.
You hit the worm.
The worm is severely wounded.
You smack the worm!
You kill the worm!
You have reached level 5!
Your demonic ancestry asserts itself...
Frost condenses into a shield before you.
You cannot move.
You cannot move.
You cannot move.
Unknown command.
You cannot move.
You start waiting.
Your transformation is almost over.
HP restored.
You feel less wooden.
Your +0 robe unmelds from your body.
You now have 110 gold pieces (gained 3).
You see here a giant cockroach corpse.
k - 4 scrolls labelled YXOETEAM VUR (gained 1)
There is a bloodstained altar of Trog here.
You see here a giant cockroach corpse.
Things that are here:
a +0 dagger; a worm corpse; a goblin corpse You pick up a book of the Hunter and begin reading...
You add the spells Call Canine Familiar, Portal Projectile and Leda's Liquefaction to your library.
There are monsters nearby!
There are monsters nearby!
Found 12 gold pieces.
You hit the rat.
The rat is severely wounded.
The bat is struck by your spines.
You kill the bat!
The rat is struck by your spines.
You kill the rat!
No target in view!
No target in view!
No target in view!
No target in view!
No target in view!
No target in view!
No target in view!
No target in view!
No target in view!
No target in view!
e - 4 scrolls labelled WOERIX PIZXO (gained 1)
You now have 122 gold pieces (gained 12).
You see here a +0 robe.
There is a stone staircase leading down here.
Found a ring mail.
Found an escape hatch in the ceiling.
There is an escape hatch in the ceiling here.
You now have 138 gold pieces (gained 16).
A worm comes into view.
Found 10 gold pieces.
A worm is nearby!
A worm is nearby!
You see here a pink potion.
You hit the worm.
The worm is lightly wounded.
The worm bites you!
You hit the worm but do no damage. You punch the worm!
The worm is moderately wounded.
You block the worm's attack.
You hit the worm.
The worm is heavily wounded.
You barely miss the worm.
The worm is heavily wounded.
The worm misses you.
You barely miss the worm.
The worm is heavily wounded.
You hit the worm but do no damage. You punch the worm.
The worm is heavily wounded.
The worm is struck by your spines. The worm misses you.
You completely miss the worm.
The worm is severely wounded.
You block the worm's attack.
You hit the worm.
The worm is severely wounded.
You barely miss the worm.
The worm is severely wounded.
The worm is struck by your spines. The worm bites you but does no damage.
You barely miss the worm.
The worm is almost dead.
You punch the worm!
You kill the worm!
No target in view!
No target in view!
No target in view!
n - a pink potion You see here a worm corpse.
You now have 148 gold pieces (gained 10).
A white imp comes into view.
Found 11 gold pieces.
A white imp is nearby!
A white imp is nearby!
The white imp shouts!
You barely miss the white imp. The white imp gestures at you.
The puff of frost hits you.
You punch the white imp!
The white imp is severely wounded.
The white imp hits you but does no damage.
You hit the white imp.
You kill the white imp!
No target in view!
No target in view!
No target in view!
No target in view!
No target in view!
You now have 159 gold pieces (gained 11).
A quokka comes into view.
A quokka is nearby!
A quokka is nearby!
You closely miss the quokka. The quokka barely misses you.
You hit the quokka.
The quokka is heavily wounded.
The quokka bites you.
You hit the quokka.
You kill the quokka!
No target in view!
No target in view!
No target in view!
No target in view!
No target in view!
No target in view!
You see here a quokka corpse.
A dart slug and a bat come into view.
Found a scroll labelled YXOETEAM VUR.
Found a stone staircase leading up.
There are monsters nearby!
There are monsters nearby!
You block the bat's attack. x2
You barely miss the bat. You block the bat's attack. The bat barely misses you.
The dart slug launches a dart at you. The slug dart misses you.
You closely miss the bat. The bat closely misses you.
You miss the bat. You block the bat's attack.
You hit the dart slug.
The dart slug is heavily wounded.
The bat is struck by your spines.
You kill the bat!
The dart slug launches a dart at you. The slug dart misses you.
You hit the dart slug.
The dart slug is heavily wounded.
You hit the dart slug.
The dart slug is almost dead.
The dart slug is struck by your spines.
You kill the dart slug!
No target in view!
No target in view!
No target in view!
No target in view!
No target in view!
No target in view!
No target in view!
No target in view!
There is a stone staircase leading up here.
An orc wizard comes into view. It is wielding a +0 dagger.
An orc wizard is nearby!
An orc wizard is nearby!
An orc comes into view. It is wielding a +0 short sword.
You see here a scroll labelled YXOETEAM VUR. 3 orcs come into view.
An orc is wielding a +1 hand axe of electrocution.
The orc wizard shouts!
The orc shouts!
The orc is struck by your spines. The orc closely misses you.
The orc wizard is struck by your spines.
The orc wizard barely misses you.
You hit the orc.
You kill the orc!
The orc wizard barely misses you.
You barely miss the orc wizard.
The orc wizard is lightly wounded.
The orc hits you with a +0 short sword.
The orc wizard points at you and mumbles some strange words.
You resist with some effort.
You hit the orc wizard.
The orc wizard is moderately wounded.
You hit the orc wizard.
The orc wizard is heavily wounded.
The orc wizard barely misses you.
You barely miss the orc wizard.
The orc wizard is heavily wounded.
You block the orc wizard's attack. You block the orc's attack.
You hit the orc wizard.
The orc wizard is severely wounded.
The orc wizard points at you and mumbles some strange words.
The magic dart hits you. The orc closely misses you.
You closely miss the orc wizard.
The orc wizard is severely wounded.
The orc wizard hits you with a +0 dagger.
The orc is struck by your spines. The orc hits you with a +0 short sword.
You hit the orc wizard but do no damage.
The orc wizard is severely wounded.
You barely miss the orc wizard.
The orc wizard is severely wounded.
The orc is struck by your spines.
You kill the orc!
You hit the orc wizard.
You kill the orc wizard!
There are monsters nearby!
There are monsters nearby!
You hit the orc.
The orc is heavily wounded.
The orc closely misses you.
You hit the orc but do no damage.
The orc is heavily wounded.
The orc hits you but does no damage.
You hit the orc but do no damage.
The orc is heavily wounded.
The orc misses you.
You punch the orc!
You kill the orc!
You punch the orc!
You kill the orc!
No target in view!
No target in view!
No target in view!
No target in view!
No target in view!
No target in view!
No target in view!
No target in view!
No target in view!
No target in view!
No target in view!
No target in view!
No target in view!
k - 5 scrolls labelled YXOETEAM VUR (gained 1)
Items here: ))) [ †.
Found 6 stones.
You see here 6 stones.
c - 3 scrolls labelled ILECUP ZI DUJO (gained 1)
m - 2 scrolls labelled AXILEW EMIA (gained 1)
o - a scroll labelled TIUNYO AHIRO A hobgoblin comes into view.
Found a scroll labelled WOERIX PIZXO.
A hobgoblin is nearby!
A hobgoblin is nearby!
The hobgoblin hits you but does no damage.
You hit the hobgoblin.
You kill the hobgoblin!
No target in view!
No target in view!
No target in view!
No target in view!
No target in view!
An orc comes into view. It is wielding a +0 club.
An orc is nearby!
An orc is nearby!
A quokka and an adder come into view.
Found 19 gold pieces.
Found a stone staircase leading down.
You see here a scroll labelled WOERIX PIZXO.
The orc shouts!
The quokka is struck by your spines.
The quokka bites you but does no damage.
The adder is struck by your spines. The adder barely misses you.
You miss the adder.
The adder is moderately wounded.
The quokka bites you. The adder is struck by your spines. The adder bites you.
You barely miss the adder.
The adder is heavily wounded.
The orc hits you with a +0 club. You block the quokka's attack.
The adder is struck by your spines. The adder barely misses you.
You hit the adder.
The adder is almost dead.
The quokka bites you but does no damage.
You block the orc's attack. The adder closely misses you.
You closely miss the adder.
The adder is almost dead.
The quokka is struck by your spines. The quokka closely misses you.
The orc hits you with a +0 club. The adder bites you but does no damage.
You hit the adder.
You kill the adder!
You block the quokka's attack. The orc hits you but does no damage.
The quokka barely misses you.
You hit the quokka.
The quokka is almost dead.
You block the orc's attack. The quokka is struck by your spines.
You kill the quokka!
You barely miss the orc. The orc hits you with a +0 club.
You hit the orc.
The orc is lightly wounded.
The orc is struck by your spines. The orc misses you.
You hit the orc but do no damage.
The orc is severely wounded.
The orc is struck by your spines.
You kill the orc!
No target in view!
e - 5 scrolls labelled WOERIX PIZXO (gained 1)
You now have 166 gold pieces (gained 7).
Found a ring mail.
You now have 178 gold pieces (gained 12).
Found a hand axe.
No target in view!
You see here a +0 hand axe.
You see here an orb of guile.
Found a stone staircase leading down.
You now have 181 gold pieces (gained 3).
You now have 195 gold pieces (gained 14).
A ball python comes into view.
Found an escape hatch in the floor.
The ball python hisses angrily.
The ball python is struck by your spines.
You kill the ball python!
There is an escape hatch in the floor here.
No target in view!
No target in view!
No target in view!
No target in view!
Search for what [Enter for "dag", or ? for help]? shi You see here a ball python corpse.
A goblin comes into view. It is wielding a +0 club.
A goblin is nearby!
A goblin is nearby!
A goblin is nearby!
An adder comes into view.
Found a stone staircase leading up.
The goblin shouts!
The adder hisses angrily.
You closely miss the adder. The adder is struck by your spines.
The adder closely misses you. The adder barely misses you.
You barely miss the adder.
The adder is moderately wounded.
The goblin is struck by your spines.
You kill the goblin!
The adder is struck by your spines. The adder closely misses you.
You closely miss the adder.
The adder is moderately wounded.
The adder is struck by your spines. The adder bites you.
You barely miss the adder. You punch the adder, but do no damage.
The adder is severely wounded.
The adder barely misses you.
You closely miss the adder.
The adder is severely wounded.
The adder bites you.
You miss the adder.
The adder is severely wounded.
The adder is struck by your spines. The adder closely misses you.
You hit the adder.
You kill the adder!
No target in view!
There is an escape hatch in the floor here.
You see here an orb of guile.
You see here a +0 hand axe.
You see here a +0 ring mail.
Done exploring.
Done exploring.
Done exploring.
Done exploring.
Done exploring.
Done exploring.
(D) Dungeon
Where to? (Enter - D:3, ? - help)
You see here a +0 ring mail.
There is a stone staircase leading down here.
You climb downwards.
You hear the sound of rushing water.
There is an entrance to a sewer on this level.
Hurry and find it before the portal rusts away!
Found a pink potion.
There is a stone staircase leading up here.
There are monsters nearby!
There are monsters nearby!
There are monsters nearby!
The helpless hound fails to defend itself.
You punch the hound!
The hound is heavily wounded.
The adder hisses angrily.
The hound bites you but does no damage.
You barely miss the hound.
The hound is heavily wounded.
The hound is struck by your spines. The hound bites you.
The hound completely misses you. The adder barely misses you.
You closely miss the hound.
The hound is severely wounded.
The hound bites you. You block the adder's attack.
You barely miss the hound. Your punch misses the hound.
The hound is severely wounded.
The hound closely misses you. The adder is struck by your spines.
The adder barely misses you.
You hit the hound but do no damage.
The hound is severely wounded.
The hound closely misses you. The adder bites you but does no damage.
The hound closely misses you.
You closely miss the hound.
The hound is severely wounded.
The adder is struck by your spines. The adder bites you but does no damage.
The hound bites you.
You miss the hound.
The hound is severely wounded.
The adder barely misses you. The hound bites you.
You hit the hound.
The hound is almost dead.
The hound barely misses you. The adder is struck by your spines.
The adder bites you but does no damage. You block the hound's attack.
The adder bites you but does no damage.
You hit the hound.
You kill the hound!
The adder bites you.
Your Unarmed Combat skill increases to level 6!
You miss the adder.
The adder is almost dead.
You block the adder's attack.
You hit the adder.
You kill the adder!
No target in view!
No target in view!
No target in view!
No target in view!
No target in view!
No target in view!
No target in view!
No target in view!
A goblin comes into view. It is wielding a +0 dagger.
A goblin is nearby!
A goblin is nearby!
No target in view!
No target in view!
No target in view!
No target in view!
No target in view!
No target in view!
No target in view!
No target in view!
No target in view!
No target in view!
No target in view!
No target in view!
HP restored.
You block the goblin's attack.
You miss the goblin. The goblin is struck by your spines.
You kill the goblin!
No target in view!
No target in view!
No target in view!
No target in view!
No target in view!
No target in view!
No target in view!
No target in view!
No target in view!
No target in view!
You hear the slow rusting of a very distant drain.
n - 2 pink potions (gained 1)
An adder comes into view.
The adder hisses angrily.
An adder is nearby!
An adder is nearby!
An adder is nearby!
The adder is struck by your spines. The adder bites you.
You block the adder's attack.
You completely miss the adder.
The adder is moderately wounded.
The adder barely misses you.
You closely miss the adder.
The adder is moderately wounded.
The adder is struck by your spines. The adder closely misses you.
You completely miss the adder.
The adder is moderately wounded.
The adder is struck by your spines. The adder closely misses you.
You barely miss the adder. You punch the adder, but do no damage.
The adder is severely wounded.
The adder bites you but does no damage.
You punch the adder!
You kill the adder!
No target in view!
No target in view!
No target in view!
No target in view!
No target in view!
A gnoll comes into view. It is wielding a +0 halberd.
A gnoll is nearby!
A gnoll is nearby!
Found a book of Frost.
The gnoll shouts!
You hear a shout! x2
A gnoll comes into view. It is wielding a +0 flail.
A gnoll comes into view. It is wielding a +0 halberd.
The gnoll closely misses you. The gnoll barely misses you.
You punch the gnoll!
The gnoll is heavily wounded.
The gnoll closely misses you. You block the gnoll's attack.
You barely miss the gnoll.
The gnoll is heavily wounded.
You punch the gnoll!
You kill the gnoll!
The gnoll hits you with a +0 flail. The gnoll barely misses you.
You have reached level 6!
Your demonic ancestry asserts itself...
Sharp spines emerge from more of your body.
The gnoll is struck by your spines. The gnoll barely misses you.
The gnoll is struck by your spines. The gnoll closely misses you.
Things that are here:
a +0 halberd; 2 throwing nets You completely miss the gnoll.
The gnoll is severely wounded.
You block the gnoll's attack. The gnoll is struck by your spines.
You kill the gnoll!
You punch the gnoll!
You kill the gnoll!
No target in view!
No target in view!
No target in view!
No target in view!
No target in view!
No target in view!
p - 2 throwing nets You see here a +0 halberd.
You pick up a book of Frost and begin reading...
You add the spells Freeze, Frozen Ramparts and Hailstorm to your library.
You hear the slow rusting of a very distant drain.
Found a spear.
You now have 196 gold pieces (gained 1).
You hear the rusting of a very distant drain.
Found a staircase to the Ecumenical Temple.
A kobold comes into view. It is wielding a +0 dagger.
(D) Dungeon (T) Temple
Where to? (Enter - D:4, ? - help)
A kobold is nearby!
Found a stone staircase leading down.
The kobold shouts!
There is a staircase to the Ecumenical Temple here.
You climb downwards.
Welcome to the Ecumenical Temple!
Found five altars.
There is a staircase back to the Dungeon here.
Found a stormy altar of Qazlal.
Found an opulent altar of Gozag and a basalt altar of Yredelemnul.
There is a glowing golden altar of the Shining One here.
Found a shadowy altar of Dithmenos.
Found a blossoming altar of Fedhas and a glowing silver altar of Zin.
There is a stormy altar of Qazlal here.
Found a burning altar of Makhleb.
Found a hide-covered altar of Uskayaw.
There is a snail-covered altar of Cheibriados here.
Done exploring.
Done exploring.
Done exploring.
Done exploring.
Done exploring.
Done exploring.
Done exploring.
Done exploring.
Done exploring.
Done exploring.
Done exploring.
Done exploring.
Done exploring.
Done exploring.
Done exploring.
Done exploring.
Done exploring.
Done exploring.
There is a snail-covered altar of Cheibriados here.
You kneel at the altar of Cheibriados.
Cheibriados welcomes you!
Cheibriados begins to support your attributes as your movement slows.
Cheibriados is now slowing the effects of poison on you.
(D) Dungeon (T) Temple
Where to? (Enter - Temple, ? - help)
There is a staircase back to the Dungeon here.
You climb upwards.
Welcome back to the Dungeon!
You hear the sound of rushing water.
There is an entrance to a sewer on this level.
Hurry and find it before the portal rusts away!
You hear the brisk rusting of a very distant drain.
The kobold is struck by your spines.
The kobold hits you with a +0 dagger. x2
There is a staircase to the Ecumenical Temple here.
You hit the kobold.
You kill the kobold!
Cheibriados thoroughly appreciates the change of pace.
No target in view!
No target in view!
No target in view!
No target in view!
No target in view!
No target in view!
HP restored.
There is a stone staircase leading down here.
You see here the +7 mace "Vusunuso" {freeze, rElec Dex+2}.
No target in view!
You open the door.
Found a stone staircase leading up.
There is an open door here.
You open the door.
You hear the brisk rusting of a very distant drain.
There is an open door here.
A jelly comes into view.
A jelly is nearby!
Found a stone staircase leading up.
The jelly quivers.
You hit the jelly. The acid corrodes you!
Your hands burn!
The jelly is moderately wounded.
The jelly barely misses you.
You hit the jelly but do no damage.
Your hands burn!
The jelly is moderately wounded.
The jelly closely misses you.
You hit the jelly.
Your hands burn!
The jelly is severely wounded.
The jelly is struck by your spines.
You kill the jelly!
Cheibriados thoroughly appreciates the change of pace.
No target in view!
No target in view!
No target in view!
You are no longer corroded.
Found 4 stones.
You see here 4 stones.
You hear the brisk rusting of a very distant drain.
A howler monkey comes into view.
A howler monkey is nearby!
Found a leather armour.
The howler monkey howls!
Found a fizzy grey potion.
The howler monkey hoots and howls with incredible vigour!
A quokka comes into view.
The howler monkey hoots and howls with incredible vigour!
You barely miss the howler monkey. The howler monkey closely misses you.
You closely miss the howler monkey. You block the howler monkey's attack.
You hit the howler monkey.
The howler monkey is lightly wounded.
The howler monkey is struck by your spines.
The howler monkey misses you.
You closely miss the howler monkey.
The howler monkey is moderately wounded.
The howler monkey hits you.
You hit the howler monkey.
The howler monkey is heavily wounded.
The howler monkey barely misses you.
The howler monkey hoots and howls with incredible vigour!
You hit the howler monkey.
The howler monkey is severely wounded.
The quokka bites you but does no damage.
The howler monkey is struck by your spines.
The howler monkey misses you.
You barely miss the howler monkey.
The howler monkey is almost dead.
The quokka is struck by your spines.
You kill the quokka!
Cheibriados appreciates the change of pace.
The howler monkey is struck by your spines.
You kill the howler monkey!
Cheibriados thoroughly appreciates the change of pace.
No target in view!
You see here a +0 leather armour.
q - a fizzy grey potion You hear the quick rusting of a very distant drain.
A goblin comes into view. It is wielding a +0 dagger.
Found a silver wand.
You hit the goblin.
You kill the goblin!
Cheibriados appreciates the change of pace.
No target in view!
No target in view!
No target in view!
No target in view!
No target in view!
No target in view!
You see here a +0 dagger.
r - a wand of mindburst (20)
You hear the quick rusting of a very distant drain.
Found 13 gold pieces.
A quokka comes into view.
You see here 13 gold pieces.
The quokka barely misses you.
You hit the quokka.
The quokka is almost dead.
The quokka misses you.
You barely miss the quokka.
The quokka is severely wounded.
The quokka is struck by your spines.
You kill the quokka!
Cheibriados appreciates the change of pace.
No target in view!
You open the door.
Found a stone staircase leading down.
There is an open door here.
You hear the rapid rusting of a very distant drain.
You open the door.
Found 6 gold pieces.
There is an open door here.
Found 6 gold pieces.
Found a book of Rime.
You now have 202 gold pieces (gained 6).
You pick up a book of Rime and begin reading...
You add the spell Summon Ice Beast to your library.
You hear the rapid rusting of a very distant drain.
You now have 208 gold pieces (gained 6).
An adder comes into view.
An adder is nearby!
An adder is nearby!
You closely miss the adder. The adder barely misses you.
You closely miss the adder. The adder barely misses you.
You barely miss the adder. You block the adder's attack.
You closely miss the adder.
You hear the rapid rusting of a very distant drain.
The adder bites you.
You closely miss the adder. The adder bites you.
You hit the adder.
The adder is heavily wounded.
The adder bites you but does no damage.
You hit the adder but do no damage.
The adder is heavily wounded.
The adder closely misses you. The adder bites you.
You barely miss the adder.
The adder is heavily wounded.
The adder closely misses you.
You punch the adder!
You kill the adder!
Cheibriados thoroughly appreciates the change of pace.
You hear the rapid rusting of a very distant drain.
You now have 221 gold pieces (gained 13).
You hear the drain falling apart.
An iguana and an endoplasm come into view.
The iguana hisses angrily.
The endoplasm quivers.
A worm comes into view.
There are monsters nearby!
There are monsters nearby!
The walls and floor vibrate strangely for a moment.
The endoplasm is struck by your spines. The endoplasm barely misses you.
You punch the endoplasm!
You kill the endoplasm!
Cheibriados thoroughly appreciates the change of pace.
The iguana is struck by your spines. The iguana bites you!
You hit the iguana.
The iguana is heavily wounded.
The iguana is struck by your spines. The iguana closely misses you.
You closely miss the iguana.
The iguana is almost dead.
You closely miss the iguana.
The iguana is almost dead.
You block the iguana's attack.
You punch the iguana!
You kill the iguana!
Cheibriados appreciates the change of pace.
You see here an iguana corpse.
You hit the worm.
The worm is moderately wounded.
You punch the worm!
The worm is severely wounded.
The worm bites you.
You completely miss the worm. You punch the worm.
The worm is almost dead.
You hit the worm but do no damage.
The worm is almost dead.
The worm barely misses you.
You punch the worm!
You kill the worm!
No target in view!
No target in view!
No target in view!
No target in view!
No target in view!
No target in view!
No target in view!
No target in view!
No target in view!
No target in view!
You see here a worm corpse.
Found a falchion.
A ball python comes into view.
The ball python hisses angrily.
A ball python is nearby!
You hit the ball python.
You kill the ball python!
Cheibriados appreciates the change of pace.
No target in view!
No target in view!
No target in view!
No target in view!
No target in view!
No target in view!
No target in view!
No target in view!
No target in view!
No target in view!
You now have 227 gold pieces (gained 6).
You open the door.
There is an open door here.
You now have 234 gold pieces (gained 7).
You open the door.
An adder comes into view.
An adder is nearby!
An adder is nearby!
An adder is nearby!
Found a robe.
There is an open door here.
No target in view!
No target in view!
No target in view!
No target in view!
No target in view!
No target in view!
No target in view!
No target in view!
No target in view!
No target in view!
No target in view!
An adder is nearby!
The adder hisses angrily.
You hit the adder but do no damage. The adder is struck by your spines.
The adder bites you but does no damage.
You hit the adder.
You kill the adder!
Cheibriados appreciates the change of pace.
No target in view!
No target in view!
No target in view!
No target in view!
No target in view!
No target in view!
An ogre and an iguana come into view.
The iguana hisses angrily.
The ogre shouts!
There are monsters nearby!
There are monsters nearby!
You hit the iguana but do no damage. You hit the iguana.
The iguana is moderately wounded.
The iguana completely misses you.
You hit the iguana.
The iguana is heavily wounded.
The iguana is struck by your spines. The iguana bites you.
You hit the iguana.
You kill the iguana!
Cheibriados appreciates the change of pace.
Your Unarmed Combat skill increases to level 7!
You punch the ogre!
The ogre is heavily wounded.
The ogre closely misses you.
You barely miss the ogre.
The ogre is heavily wounded.
You closely miss the ogre. Your punch misses the ogre.
The ogre is heavily wounded.
The ogre hits you with a +0 giant spiked club!!
Ouch! That really hurt!
* * * LOW HITPOINT WARNING * * *
You are too injured to fight recklessly!
You are too injured to fight recklessly!
You are too injured to fight recklessly!
You are too injured to fight recklessly!
You are too injured to fight recklessly!
You are too injured to fight recklessly!
You are too injured to fight recklessly!
You are too injured to fight recklessly!
You are too injured to fight recklessly!
You are too injured to fight recklessly!
You are too injured to fight recklessly!
The ogre attacks as you move away! The ogre is struck by your spines.
The ogre hits you with a +0 giant spiked club!!
You die...

#.##.#...####.........####....###
#.......## ##.......# ##.#.#
#######.# ##.....## ###.# #.#
##...## #.# #.# ##'## ..# #.#
#####.#### ### ####........#
......[..##.# ..##.##@..#.#
#..O.....# #.##...#.# #. ........
.. ##.###### ... .# .### ## .. ##


You could see an ogre.

Vanquished Creatures
  A howler monkey (D:4)
  2 hounds
  A jelly (D:4)
  2 iguanas (D:4)
  An orc wizard (D:3)
  3 gnolls (D:4)
  10 adders
  A white imp (D:3)
  4 worms
  2 dart slugs
  5 orcs (D:3)
  8 ball pythons
  4 endoplasms
  5 giant cockroaches
  8 goblins
  7 hobgoblins
  6 jackals (D:2)
  7 kobolds
  6 quokkas
  6 bats
  3 frilled lizards
  8 rats
100 creatures vanquished.

Notes
Turn   | Place    | Note
-------+----------+-------------------------------------------
     0 | D:1      | sleeves the Demonspawn Transmuter began the quest for the
                  | Orb.
     0 | D:1      | Reached XP level 1. HP: 15/15 MP: 3/3
    27 | D:1      | HP: 7/15 [kobold/+0 short sword (2)]
   179 | D:1      | HP: 4/15 [hobgoblin (4)]
   185 | D:1      | HP: 3/15 [hobgoblin (1)]
   408 | D:1      | Reached skill level 3 in Unarmed Combat
   520 | D:1      | Gained mutation: You are partially covered in molten
                  | scales. (AC +2) [demonic ancestry]
   520 | D:1      | Reached XP level 2. HP: 21/21 MP: 3/5
  1384 | D:2      | Reached skill level 4 in Unarmed Combat
  1384 | D:2      | Reached XP level 3. HP: 24/26 MP: 6/6
  1394 | D:2      | HP: 11/26 [worm (8)]
  1400 | D:2      | HP: 8/26 [quokka (1)]
  1595 | D:2      | Gained mutation: You are partially covered in sharp spines.
                  | [demonic ancestry]
  1595 | D:2      | Reached XP level 4. HP: 32/32 MP: 7/7
  1916 | D:2      | Reached skill level 5 in Unarmed Combat
  2044 | D:3      | Found a bloodstained altar of Trog.
  2061 | D:3      | Gained mutation: A meltable shield of frost defends you.
                  | (SH +4) [demonic ancestry]
  2061 | D:3      | Reached XP level 5. HP: 37/37 MP: 8/8
  2560 | D:4      | Reached skill level 6 in Unarmed Combat
  2621 | D:4      | Gained mutation: You are mostly covered in sharp spines.
                  | [demonic ancestry]
  2621 | D:4      | Reached XP level 6. HP: 37/43 MP: 9/9
  2706 | D:4      | Found a staircase to the Ecumenical Temple.
  2713 | Temple   | Entered the Ecumenical Temple
  2763 | Temple   | Became a worshipper of Cheibriados the Contemplative
  2793 | D:4      | Identified the +7 mace "Vusunuso" {freeze, rElec Dex+2}
  3207 | D:4      | Reached skill level 7 in Unarmed Combat
  3209 | D:4      | HP: 16/43 [ogre/+0 giant spiked club (25)]
  3212 | D:4      | Slain by an ogre

Illustrated notes

Levels and vault maps discovered:
D:1:      kilobyte_arrival_exit_the_forest, layout_basic, serial_bayou_pond_e,
          kennysheep_another_room
D:2:      layout_loops_cross, kennysheep_doodads, minmay_hexomino_u4
D:3:      layout_basic, lemuel_round_altar
D:4:      layout_loops_corners, minmay_temple_entry_purple_smoke,
          portal_sewer_entry_e
Temple:   cyrus_circular_temple

Skill      XL: |  1  2  3  4  5  6 |
---------------+-------------------+-----
Unarmed Combat | 3 4 5 6 7 |  7.0
Fighting       | |  1.0
Dodging        | |  1.7
Spellcasting   | |  2.0
Transmutations | |  1.7

Action                   |  1- 3 |  4- 6 || total
-------------------------+-------+-------++-------
Melee: Unarmed           |    75 |   133 ||   208
       Headbutt          |     2 |       ||     2
       Dagger            |    29 |    48 ||    77
       Kick              |     3 |       ||     3
       Punch             |     2 |     5 ||     7
 Cast: Beastly Appendage |     4 |       ||     4
  Use: Potion            |       |     1 ||     1
 Stab: Distracted        |       |     1 ||     1
       Sleeping          |       |     1 ||     1
Armor: Robe              |    15 |    29 ||    44
       Skin              |       |     8 ||     8
Dodge: Dodged            |    66 |    92 ||   158
Block: Other             |       |    22 ||    22

Table legend: (Time is in decaauts)
 A = Elapsed time spent in this place.
 B = Non-inter-level travel time spent in this place.
 C = Inter-level travel time spent in this place.
 D = Time resting spent in this place.
 E = Time spent auto-exploring this place.
 F = Levels seen in this place.
 G = Mean time per level.
                   A        B        C        D        E       F      G
               +--------+--------+--------+--------+--------+-----+--------+
         Total |   3287 |   3161 |    126 |    203 |   2280 |   5 |  657.4 |
       Dungeon |   3228 |   3111 |    117 |    203 |   2242 |   4 |  807.0 |
        Temple |     59 |     51 |      8 |      0 |     38 |   1 |   59.0 |
               +--------+--------+--------+--------+--------+-----+--------+

Top non-repeatable levels by time:
     D:1: 1352 daAuts
     D:2: 688 daAuts
     D:4: 683 daAuts
     D:3: 503 daAuts
  Temple: 59 daAuts
